[Event "Betsys MČR v online bleskovém šachu 2021"]
[Site "Chess.com"]
[Date "2021.04.17"]
[Round "3"]
[White "Molefancier"]
[Black "jankrelina07"]
[Result "0-1"]
[WhiteElo "1069"]
[BlackElo "1477"]
[TimeControl "180+1"]
[EndTime "9:23:38 PDT"]
[Termination "Uživatel jankrelina07 zvítězil po vzdání soupeře"]

1. e4 c5 2. Nf3 Nc6 3. Bb5 g6 4. O-O Bg7 5. Nc3 d6 6. d4 cxd4 7.
Nxd4 Bd7 8. Bxc6 bxc6 9. Be3 Nf6 10. h3 O-O 11. Qd2 a6 12. Bh6 c5 13. Nf3 Bc6 14.
Rfe1 Rb8 15. Bxg7 Kxg7 16. e5 Ne8 17. exd6 exd6 18. Ne5 dxe5 19. Rxe5 Qxd2 0-1

[Event "Betsys MČR v online bleskovém šachu 2021"]
[Site "Chess.com"]
[Date "2021.04.17"]
[Round "3"]
[White "sachovybukowski"]
[Black "Alesbar"]
[Result "1-0"]
[WhiteElo "1998"]
[BlackElo "1635"]
[TimeControl "180+1"]
[EndTime "9:23:39 PDT"]
[Termination "Uživatel sachovybukowski zvítězil po vzdání soupeře"]

1. d4 Nf6 2. Bg5 g6 3. c3 Bg7 4. e3 d5 5. Bd3 O-O 6. h4 h5 7.
Nf3 Nbd7 8. Nbd2 c5 9. Qe2 c4 10. Bc2 Re8 11. Ne5 Nxe5 12. dxe5 Ng4 13. f4 f6 14.
Bxg6 fxg5 15. hxg5 Nxe5 16. fxe5 Rf8 17. Qxh5 Rf5 18. Qh7+ Kf8 19. Bxf5 Bxf5 20. Qxf5+ 1-0

[Event "Betsys MČR v online bleskovém šachu 2021"]
[Site "Chess.com"]
[Date "2021.04.17"]
[Round "3"]
[White "Michal5"]
[Black "iDarkTraveler"]
[Result "0-1"]
[WhiteElo "1227"]
[BlackElo "1968"]
[TimeControl "180+1"]
[EndTime "9:23:45 PDT"]
[Termination "Uživatel iDarkTraveler zvítězil po vzdání soupeře"]

1. e4 c5 2. Nf3 Nc6 3. d4 cxd4 4.
Nxd4 e6 5. Nc3 a6 6. Be3 Nge7 7. f3 g6 8. Qd2 Bg7 9. O-O-O O-O 10. Bc4 b5 11.
Bb3 b4 12. Nce2 a5 13. Nxc6 Nxc6 14. Nd4 Nxd4 15. Bxd4 Bxd4 16. Qxd4 Qc7 17. Kb1 Rd8 18.
Qf6 Bb7 19. Rd2 a4 20. Bxe6 dxe6 21. Rhd1 Rxd2 22. Rxd2 a3 23. bxa3 bxa3 0-1

[Event "Betsys MČR v online bleskovém šachu 2021"]
[Site "Chess.com"]
[Date "2021.04.17"]
[Round "3"]
[White "adambelaska"]
[Black "bumurubac"]
[Result "1-0"]
[WhiteElo "1439"]
[BlackElo "1014"]
[TimeControl "180+1"]
[EndTime "9:23:52 PDT"]
[Termination "Uživatel adambelaska zvítězil matem"]

1. d4 e6 2. c4 Nc6 3. Nf3 Nf6 4. Nc3 Bb4 5. Bd2 Bxc3 6. Bxc3 O-O 7. e3 Ne4 8. Qc2 Nxc3 9. bxc3 b6 10. Bd3 g6 11.
h4 d5 12. cxd5 exd5 13. c4 dxc4 14. Bxc4 Be6 15. Bxe6 fxe6 16. Qxc6 Qe8 17. Qxe8 Raxe8 18. Ne5 Rd8 19. Nc6 Ra8 20. Rc1 Rf6 21. Ne7+ Kf7 22.
Rxc7 Re8 23. Nd5+ Kf8 24. Nxf6 Re7 25. Nxh7+ Rxh7 26. Rxh7 Kg8 27. Rxa7 Kf8 28. Ra8+ Kf7 29. Rb8 Ke7 30. Rxb6 Kd7 31. Rb7+ Kd6 32. Rg7 Kc6 33.
Rxg6 Kd7 34. h5 Kc7 35. h6 Kd7 36. h7 Ke7 37. h8=Q Kf7 38. Rxe6 Kxe6 39. Qe5+ Kf7 40. Rh7+ Kg6 41. Rg7+ Kh6 42. Qg5# 1-0

[Event "Betsys MČR v online bleskovém šachu 2021"]
[Site "Chess.com"]
[Date "2021.04.17"]
[Round "3"]
[White "misacz"]
[Black "Svisthorsky"]
[Result "0-1"]
[WhiteElo "1075"]
[BlackElo "1475"]
[TimeControl "180+1"]
[EndTime "9:23:56 PDT"]
[Termination "Uživatel Svisthorsky zvítězil po vzdání soupeře"]

1. d4 d5 2. c4 Nf6 3. Nf3 e6 4. Bg5 Be7 5. Nc3 c5 6. e3 cxd4 7. exd4 Nc6 8. cxd5 exd5 9. Qe2 Be6 10. Qe3 O-O 11.
Bb5 a6 12. Bxc6 bxc6 13. Bxf6 Bxf6 14. Ne5 Rc8 15. O-O c5 16. dxc5 Qa5 17. Nd3 d4 18. b4 Qd8 19. Qg3 dxc3 20. Rac1 Bc4 21. Nb2 Bxf1 22. Kxf1 cxb2 0-1

[Event "Betsys MČR v online bleskovém šachu 2021"]
[Site "Chess.com"]
[Date "2021.04.17"]
[Round "3"]
[White "Richter_Rudolf"]
[Black "keram91"]
[Result "1-0"]
[WhiteElo "1307"]
[BlackElo "760"]
[TimeControl "180+1"]
[EndTime "9:24:09 PDT"]
[Termination "Uživatel Richter_Rudolf zvítězil matem"]

1. d4 d5 2. c4 dxc4 3. e4 Nc6 4. Nf3 Bg4 5. Be3 Bxf3 6. gxf3 e5 7. d5 Nd4 8. Bxd4 exd4 9. Qxd4 Bb4+ 10. Nc3 Bxc3+ 11. Qxc3 Ne7 12. Qxg7 Rf8 13. Bxc4 c6 14. Qe5 Qa5+ 15. Qc3 Qxc3+ 16. bxc3 cxd5 17. Bxd5 Nxd5 18. exd5 Rc8 19. Rc1 b5 20. Kd2 f5 21. Rhe1+ Kd8 22. Re6 b4 23. c4 b3 24. axb3 a5 25. d6 f4 26. Rce1 a4 27. Kc3 axb3 28. Kxb3 Rb8+ 29. Kc3 Ra8 30. Kd4 Ra2 31.
Kd5 Re8 32. Rxe8+ Kd7 33. R1e7# 1-0

[Event "Betsys MČR v online bleskovém šachu 2021"]
[Site "Chess.com"]
[Date "2021.04.17"]
[Round "3"]
[White "RomanHlavicka"]
[Black "LightningAttack_2000"]
[Result "0-1"]
[WhiteElo "1515"]
[BlackElo "1903"]
[TimeControl "180+1"]
[EndTime "9:24:12 PDT"]
[Termination "Uživatel LightningAttack_2000 zvítězil po vzdání soupeře"]

1. e4 c5 2. Nf3 e6 3. d4 cxd4 4. Nxd4 a6 5. Nc3 Qc7 6. Bd3 Nc6 7. Be3 Nf6 8. O-O Be7 9. f3 O-O 10. a3 Rd8 11. Qe2 d5 12. exd5 Nxd5 13. Nxd5 Rxd5 14.
Nxc6 bxc6 15. Be4 Rd8 16. Rad1 Bb7 17. Qf2 c5 18. Bxb7 Qxb7 19. Rfe1 Qxb2 20. a4 Qb4 21. Rb1 Qxa4 22. Bxc5 Bxc5 23. Qxc5 Rdc8 24. Qb4 Qxc2 25. Rec1 Qxc1+ 26. Rxc1 Rxc1+ 27. Kf2 Rac8 28. Qd6 R1c6 29.
Qd3 a5 30. Qb5 Rc5 31. Qa4 h6 32. Kg3 Kh7 33. Kg4 Rc4+ 0-1

[Event "Betsys MČR v online bleskovém šachu 2021"]
[Site "Chess.com"]
[Date "2021.04.17"]
[Round "3"]
[White "Naty139"]
[Black "Dan1612"]
[Result "0-1"]
[WhiteElo "2259"]
[BlackElo "2006"]
[TimeControl "180+1"]
[EndTime "9:24:13 PDT"]
[Termination "Uživatel Dan1612 zvítězil po vzdání soupeře"]

1. e4 c5 2. Nf3 Nc6 3. Bb5 g6 4. Bxc6 dxc6 5. h3 Bg7 6. d3 Nf6 7. Nc3 O-O 8. Be3 b6 9. Qd2 Re8 10. Bh6 Bh8 11. O-O-O b5 12. e5 Nd5 13. Ne4 b4 14.
Nxc5 Qa5 15. Kb1 Qxc5 16. d4 Qc4 17. h4 Nc3+ 18. bxc3 bxc3 19. Qc1 Rb8+ 20. Ka1 Rb2 21. Qxb2 cxb2+ 22. Kxb2 Be6 23. Kc1 Qxa2 24. h5 Rb8 25. Kd2 Rb2 26. Rc1 Qa5+ 27. Ke3 Qc3+ 28. Kf4 Rxc2 29.
Rxc2 Qxc2 30. hxg6 Qf5+ 31. Ke3 fxg6 32. Nd2 c5 33.
dxc5 Qxe5+ 34. Kd3 Bf5+ 35. Kc4 Qd4+ 36. Kb5 Bd3+ 37. Kc6 Qa4+ 38. Kc7 Be5+ 39. Kd8 Bf5 0-1

[Event "Betsys MČR v online bleskovém šachu 2021"]
[Site "Chess.com"]
[Date "2021.04.17"]
[Round "3"]
[White "Maldaj"]
[Black "Tynano"]
[Result "1-0"]
[WhiteElo "2407"]
[BlackElo "2141"]
[TimeControl "180+1"]
[EndTime "9:24:30 PDT"]
[Termination "Uživatel Maldaj zvítězil po vzdání soupeře"]

1. e4 e5 2. Nf3 Nc6 3. Bc4 Nf6 4.
d3 Be7 5. O-O O-O 6. Re1 d6 7. c3 Na5 8. Bb5 a6 9. Ba4 b5 10. Bc2 c5 11. Nbd2 Qc7 12. Nf1 Nc6 13.
Ng3 h6 14. Nh4 Re8 15. Nhf5 Bf8 16. Qf3 Nh7 17. Nh5 Ng5 18. Qg3 Bxf5 19. exf5 Kh8 20. Bxg5 hxg5 21. Qxg5 d5 22. Re3 Qd8 23. f6 g6 24. Rh3 Kg8 25. d4 e4 26. Nf4 Bg7 27.
Nxd5 Bh8 28. Rxh8+ 1-0

[Event "Betsys MČR v online bleskovém šachu 2021"]
[Site "Chess.com"]
[Date "2021.04.17"]
[Round "3"]
[White "TTCZ"]
[Black "Hroch_Hippo"]
[Result "1-0"]
[WhiteElo "1481"]
[BlackElo "1077"]
[TimeControl "180+1"]
[EndTime "9:24:30 PDT"]
[Termination "Uživatel TTCZ zvítězil matem"]

1. e4 e5 2. Nc3 Bc5 3. f4 exf4 4. Nf3 Bd6 5. d4 f6 6. Bc4 Nc6 7. O-O Na5 8. Bxg8 Rxg8 9. a3 c6 10. e5 fxe5 11. dxe5 Bc5+ 12. Kh1 Rf8 13. Nd4 Bxd4 14.
Qxd4 g5 15. Ne4 h6 16. Nd6+ Ke7 17. Bd2 b6 18. Bxa5 bxa5 19. Qc5 Ke6 20. Nxc8 Rxc8 21. Qd6+ Kf5 22. Qxh6 Kxe5 23. Rfe1+ Kd5 24. Rad1+ Kc5 25.
b4+ axb4 26. axb4+ Kxb4 27. Qd6+ Kb5 28. Rb1+ Ka6 29.
Qd3+ Ka5 30. Qa3# 1-0

[Event "Betsys MČR v online bleskovém šachu 2021"]
[Site "Chess.com"]
[Date "2021.04.17"]
[Round "3"]
[White "Devasales"]
[Black "Kijonker"]
[Result "1-0"]
[WhiteElo "1544"]
[BlackElo "1514"]
[TimeControl "180+1"]
[EndTime "9:24:44 PDT"]
[Termination "Uživatel Devasales zvítězil matem"]

1. e4 e6 2. d4 d5 3. e5 c5 4. c3 Nc6 5. Nf3 Qb6 6. b3 cxd4 7. cxd4 Bb4+ 8. Bd2 Bxd2+ 9. Qxd2 Nge7 10. Nc3 a6 11. g4 Bd7 12. h3 h6 13. Rc1 Nb4 14. Na4 Bxa4 15. bxa4 Nxa2 16. Qxa2 O-O 17.
Be2 Qb4+ 18. Qd2 Qxa4 19. O-O Rac8 20. Bd3 Nc6 21. Qe3 Nb4 22. Bb1 Nc2 23. Qd3 Nb4 24.
Qh7# 1-0

[Event "Betsys MČR v online bleskovém šachu 2021"]
[Site "Chess.com"]
[Date "2021.04.17"]
[Round "3"]
[White "RousekJan"]
[Black "OndrejBorkovec"]
[Result "1-0"]
[WhiteElo "1792"]
[BlackElo "1504"]
[TimeControl "180+1"]
[EndTime "9:24:47 PDT"]
[Termination "Uživatel RousekJan zvítězil po vzdání soupeře"]

1. e4 e6 2. b3 d5 3. exd5 exd5 4.
Bb2 Nf6 5. Nf3 Bd6 6. d3 O-O 7.
Nbd2 Re8+ 8. Be2 Bg4 9. O-O c6 10. h3 Bh5 11. Kh1 Nbd7 12. Re1 Qb6 13. Bd4 Qc7 14. Ng5 Bxe2 15. Rxe2 h6 16. Ngf3 c5 17. Bb2 d4 18. c3 dxc3 19. Bxc3 b6 20. Rxe8+ Rxe8 21. Qf1 Be5 22. Nxe5 Nxe5 23. Re1 Nfd7 24. f4 f6 25. fxe5 Nxe5 26. Bxe5 Rxe5 27. Nc4 Rd5 28.
Qe2 Qd7 29. Qe8+ Qxe8 30. Rxe8+ Kf7 31. Re3 Rd4 32. Kg1 g5 33. Kf2 f5 34. Re2 Rxd3 35.
Ne5+ 1-0

[Event "Betsys MČR v online bleskovém šachu 2021"]
[Site "Chess.com"]
[Date "2021.04.17"]
[Round "3"]
[White "Patrik_Kohm"]
[Black "sipos88"]
[Result "0-1"]
[WhiteElo "1369"]
[BlackElo "1869"]
[TimeControl "180+1"]
[EndTime "9:24:48 PDT"]
[Termination "Uživatel sipos88 zvítězil po vzdání soupeře"]

1. e4 e5 2. Nf3 Nc6 3. Bc4 Bc5 4. b4 Bxb4 5. c3 Be7 6. d4 exd4 7. cxd4 d6 8. Qb3 Na5 9. Bxf7+ Kf8 10. Qd5 c6 11.
Qh5 Nf6 12. Qh4 Kxf7 13. Ng5+ Kf8 14. Qf4 h6 15. Nf3 Ke8 16. O-O Rf8 17. Qe3 Bg4 18.
h3 Bxf3 19. Qxf3 Qd7 20. Rd1 Kf7 21. e5 Kg8 22. exf6 Rxf6 23. Qg3 Raf8 24. Be3 Nc4 25. Nc3 Nxe3 26. fxe3 d5 27. Ne2 Bd6 28. Qh4 Qe7 29. Rd3 Rf1+ 0-1

[Event "Betsys MČR v online bleskovém šachu 2021"]
[Site "Chess.com"]
[Date "2021.04.17"]
[Round "3"]
[White "berny643"]
[Black "nw_tynka"]
[Result "1-0"]
[WhiteElo "2542"]
[BlackElo "2208"]
[TimeControl "180+1"]
[EndTime "9:24:51 PDT"]
[Termination "Uživatel berny643 zvítězil po vzdání soupeře"]

1. d4 Nf6 2. c4 g6 3. Nc3 d5 4. Bg5 Ne4 5. Bh4 Nxc3 6. bxc3 Bg7 7. e3 c5 8. Nf3 O-O 9. cxd5 cxd4 10. cxd4 Qxd5 11.
Bxe7 Re8 12. Bh4 Nc6 13. Be2 Bf5 14. O-O Nb4 15. Qa4 a5 16. Rfc1 Bd7 17. Qa3 b6 18.
Qb2 Qe4 19. Bc4 Bg4 20. Bxf7+ Kxf7 21. Ng5+ 1-0

[Event "Betsys MČR v online bleskovém šachu 2021"]
[Site "Chess.com"]
[Date "2021.04.17"]
[Round "3"]
[White "jachymcarostrelec4"]
[Black "TomasOrnet1"]
[Result "1-0"]
[WhiteElo "1896"]
[BlackElo "1506"]
[TimeControl "180+1"]
[EndTime "9:24:55 PDT"]
[Termination "Uživatel jachymcarostrelec4 zvítězil po vzdání soupeře"]

1. d4 d5 2. c4 c6 3. Nc3 e6 4. e4 dxe4 5. Nxe4 Nf6 6. Nc3 c5 7. Nf3 cxd4 8. Qxd4 Qxd4 9. Nxd4 Bc5 10. Ndb5 Na6 11.
Be3 Bxe3 12. fxe3 O-O 13. g3 Bd7 14. Bg2 Bc6 15. Bxc6 bxc6 16. Nd4 Nb4 17. O-O-O c5 18. Nb3 Rfd8 19. a3 Nd3+ 20. Kc2 Nf2 21. Rxd8+ Rxd8 22. Rf1 N2e4 23. Na4 Ng4 24. Re1 Nxh2 25. Naxc5 Nxc5 26. Nxc5 Ng4 27. e4 Ne5 28. Kc3 a5 29. b4 axb4+ 30.
axb4 h6 31. b5 Rc8 32. Kb4 Rxc5 33. Kxc5 Nd3+ 34. Kd6 Nxe1 35. b6 1-0

[Event "Betsys MČR v online bleskovém šachu 2021"]
[Site "Chess.com"]
[Date "2021.04.17"]
[Round "3"]
[White "KatkaZ"]
[Black "svTomas"]
[Result "1-0"]
[WhiteElo "1874"]
[BlackElo "1412"]
[TimeControl "180+1"]
[EndTime "9:24:57 PDT"]
[Termination "Uživatel KatkaZ zvítězil po vzdání soupeře"]

1. Nf3 Nf6 2. g3 e6 3. Bg2 Be7 4. d3 Nc6 5. Nbd2 b6 6. O-O Bb7 7. c3 h5 8. e4 Ng4 9. h3 Nf6 10. a3 d5 11. Qe2 dxe4 12. dxe4 e5 13. Nc4 Bd6 14. Nxd6+ cxd6 15. Bg5 Qe7 16. Nh4 O-O-O 17. Rfd1 Kb8 18. Nf5 Qf8 19. Rd2 Bc8 20. Rad1 Bxf5 21.
exf5 Ne7 22. Rxd6 Nxf5 23. Rxd8+ 1-0

[Event "Betsys MČR v online bleskovém šachu 2021"]
[Site "Chess.com"]
[Date "2021.04.17"]
[Round "3"]
[White "petr812"]
[Black "Ehlundi"]
[Result "1-0"]
[WhiteElo "2110"]
[BlackElo "1765"]
[TimeControl "180+1"]
[EndTime "9:25:01 PDT"]
[Termination "Uživatel petr812 zvítězil matem"]

1. e4 c5 2. b4 cxb4 3. a3 Nc6 4. d4 d5 5. e5 Bf5 6. axb4 Nxb4 7. Bd3 Bxd3 8.
cxd3 Nc6 9. Ne2 e6 10. O-O Bb4 11. Ba3 Bxa3 12. Nxa3 Nge7 13. Nb5 O-O 14. Nd6 b6 15. g4 Nc8 16. Nxc8 Qxc8 17. f4 Qb7 18. Qe1 a5 19. Qh4 b5 20. f5 exf5 21. gxf5 f6 22.
e6 Qb6 23. Rf3 Ne7 24. Rh3 h6 25. Qg4 Kh8 26. Kh1 Nc6 27. Rg1 Ra7 28. Qg6 Nxd4 29. Rxh6+ gxh6 30. Qxh6+ Rh7 31. Qxf8# 1-0

[Event "Betsys MČR v online bleskovém šachu 2021"]
[Site "Chess.com"]
[Date "2021.04.17"]
[Round "3"]
[White "TCTCGTGCTATG"]
[Black "Klapuch05"]
[Result "1-0"]
[WhiteElo "1911"]
[BlackElo "1531"]
[TimeControl "180+1"]
[EndTime "9:25:03 PDT"]
[Termination "Uživatel TCTCGTGCTATG zvítězil po vzdání soupeře"]

1. e4 c5 2. Nf3 d6 3. d4 cxd4 4. Nxd4 Nf6 5. Nc3 g6 6. Be3 Bg7 7. Bc4 O-O 8. f3 Nc6 9. Qd2 a6 10. Bb3 Ne5 11. O-O-O Bd7 12. h4 h5 13. Bh6 Rc8 14.
Bxg7 Kxg7 15. g4 Nc4 16. Bxc4 Rxc4 17. gxh5 Nxh5 18. Nf5+ Kh7 19. Qh6+ Kg8 20. Rdg1 Qe8 21. Qxh5 Bxf5 22. exf5 Kg7 23. fxg6 fxg6 24. Qg5 Rc5 25.
Qg4 Qf7 26. h5 Qf4+ 27. Qxf4 Rxf4 28. Rxg6+ Kh7 29. Rg3 Rcf5 30. Ne4 Kh6 31. a3 Rxf3 32. Rg6+ Kh7 33. Ng5+ Rxg5 34. Rxg5 1-0

[Event "Betsys MČR v online bleskovém šachu 2021"]
[Site "Chess.com"]
[Date "2021.04.17"]
[Round "3"]
[White "DavidZidlicky"]
[Black "vasekpaulus"]
[Result "0-1"]
[WhiteElo "1699"]
[BlackElo "2061"]
[TimeControl "180+1"]
[EndTime "9:25:07 PDT"]
[Termination "Uživatel vasekpaulus zvítězil po vzdání soupeře"]

1. e4 c5 2. Nf3 Nc6 3. Nc3 e5 4. Bc4 Be7 5. d3 d6 6. a3 Nf6 7. Bg5 O-O 8. h4 Be6 9. Bxf6 Bxf6 10. Nd5 Bxd5 11. Bxd5 Ne7 12. Ba2 d5 13. Qe2 d4 14.
g4 Nc6 15. g5 Be7 16. Nh2 Qa5+ 17. Kf1 Kh8 18. Ng4 f5 19. exf5 Rxf5 20. Be6 Rf4 21. Kg2 Raf8 22. Raf1 Qc7 23. Bd5 Qd7 24. f3 Qxd5 25.
g6 Rxg4+ 0-1

[Event "Betsys MČR v online bleskovém šachu 2021"]
[Site "Chess.com"]
[Date "2021.04.17"]
[Round "3"]
[White "Skalicky"]
[Black "RunningPawnz88"]
[Result "0-1"]
[WhiteElo "767"]
[BlackElo "1343"]
[TimeControl "180+1"]
[EndTime "9:25:12 PDT"]
[Termination "Uživatel RunningPawnz88 zvítězil matem"]

1. d4 Nf6 2. c4 c5 3. d5 d6 4. Nc3 e5 5. e4 g6 6. Nf3 Bg7 7. Be2 O-O 8. O-O Bg4 9. h3 Bd7 10. Bg5 Na6 11. a3 Qb6 12. Qc2 h6 13. Bxf6 Bxf6 14.
Rfd1 Nc7 15. Rac1 Ne8 16. Ne1 Ng7 17. Nd3 Bg5 18. Rb1 f5 19. exf5 Nxf5 20. Na4 Qd8 21. b4 Nd4 22. Qb2 Bxa4 23. bxc5 dxc5 24. Qxb7 Nxe2+ 25. Kf1 Bxd1 26. Rxd1 Nc3 27. Re1 e4 28. Ne5 Qf6 29.
Nd7 Qxf2# 0-1

[Event "Betsys MČR v online bleskovém šachu 2021"]
[Site "Chess.com"]
[Date "2021.04.17"]
[Round "3"]
[White "mendryxchess"]
[Black "kalcs"]
[Result "1-0"]
[WhiteElo "1755"]
[BlackElo "2074"]
[TimeControl "180+1"]
[EndTime "9:25:22 PDT"]
[Termination "Uživatel mendryxchess zvítězil po vzdání soupeře"]

1. e4 e5 2. Nf3 Nc6 3. Bc4 Bc5 4. O-O Nf6 5. d4 exd4 6. e5 d5 7. exf6 dxc4 8. Re1+ Be6 9. Ng5 Qd5 10. Nc3 Qf5 11. Nce4 Bb6 12. g4 Qg6 13. Qf3 O-O-O 14. h4 h5 15.
Nxe6 fxe6 16. g5 Ne5 17. Qh3 Ng4 18. Bd2 d3 19. cxd3 Bxf2+ 20. Nxf2 Nxf2 21. Kxf2 Rxd3 22. Qxe6+ Kb8 23. Bc3 Rhd8 24. f7 1-0

[Event "Betsys MČR v online bleskovém šachu 2021"]
[Site "Chess.com"]
[Date "2021.04.17"]
[Round "3"]
[White "Smetanka674"]
[Black "viklan"]
[Result "1-0"]
[WhiteElo "1760"]
[BlackElo "1569"]
[TimeControl "180+1"]
[EndTime "9:25:22 PDT"]
[Termination "Uživatel Smetanka674 zvítězil po vzdání soupeře"]

1. d4 d5 2. c4 e6 3. Nc3 Nf6 4. Nf3 c6 5. Bg5 Nbd7 6. e3 Qa5 7. Bxf6 Nxf6 8. Bd3 Bb4 9. Qc2 dxc4 10. Bxc4 Ne4 11. Rc1 Nxc3 12. bxc3 Be7 13. O-O O-O 14. Bd3 h6 15.
Bh7+ Kh8 16. Bd3 Bf6 17. Rb1 b6 18. c4 Ba6 19. h3 c5 20. d5 exd5 21. cxd5 Rfd8 22.
Bxa6 Qxa6 23. e4 Re8 24. Rfe1 Be5 25. Nxe5 Rxe5 26. f4 Ree8 27. e5 Rad8 28. d6 Qb7 29. Rbd1 Rd7 30. f5 Red8 31. e6 fxe6 32. fxe6 Rxd6 33.
Rxd6 Rxd6 34. e7 Qd7 35. e8=Q+ 1-0

[Event "Betsys MČR v online bleskovém šachu 2021"]
[Site "Chess.com"]
[Date "2021.04.17"]
[Round "3"]
[White "jhdghaka"]
[Black "Dale00007"]
[Result "1-0"]
[WhiteElo "1873"]
[BlackElo "1401"]
[TimeControl "180+1"]
[EndTime "9:25:29 PDT"]
[Termination "Uživatel jhdghaka zvítězil matem"]

1. e4 c5 2. Nf3 d6 3. Bb5+ Bd7 4.
Bxd7+ Nxd7 5. O-O Ngf6 6. Re1 e6 7. c3 Be7 8. d4 cxd4 9. cxd4 O-O 10. Nc3 a6 11. a4 Qc7 12. Bf4 e5 13. Bg3 Rfd8 14. Rc1 Qa5 15. Qb3 Rab8 16. Nd5 Nxd5 17. exd5 f6 18.
dxe5 fxe5 19. Nxe5 Nxe5 20. Bxe5 Bg5 21. Bc3 Qb6 22.
Qxb6 Bxc1 23. Rxc1 Rbc8 24. Qxb7 Re8 25. Qxg7# 1-0

[Event "Betsys MČR v online bleskovém šachu 2021"]
[Site "Chess.com"]
[Date "2021.04.17"]
[Round "3"]
[White "MatyldaCZ"]
[Black "ReceptiveYoyo"]
[Result "0-1"]
[WhiteElo "1389"]
[BlackElo "1324"]
[TimeControl "180+1"]
[EndTime "9:25:29 PDT"]
[Termination "Uživatel ReceptiveYoyo zvítězil po vzdání soupeře"]

1. e4 c5 2. Nf3 d6 3. d4 cxd4 4. Nxd4 Nc6 5. Bb5 Bd7 6. Nc3 g6 7. Be3 Bg7 8. O-O Nf6 9. Bxc6 Bxc6 10. Nxc6 bxc6 11. Re1 O-O 12. Bg5 h6 13. Bf4 e5 14.
Bd2 d5 15. exd5 Nxd5 16. Nxd5 cxd5 17. Bc3 d4 18. Bb4 Re8 19. Qd3 Qb6 20. Ba3 Rac8 21. b3 Qc6 22. Rac1 e4 23. Qd1 Rcd8 24. Bb2 Qb6 25. Qg4 e3 26. fxe3 Rxe3 27. Rxe3 dxe3 28.
Bxg7 Kxg7 29. Qe2 Rd2 30. Qe1 e2+ 31. Kh1 Qe3 32. c4 Qd3 33. c5 Rd1 0-1

[Event "Betsys MČR v online bleskovém šachu 2021"]
[Site "Chess.com"]
[Date "2021.04.17"]
[Round "3"]
[White "DrDANDog"]
[Black "Nimrod64"]
[Result "0-1"]
[WhiteElo "1787"]
[BlackElo "2274"]
[TimeControl "180+1"]
[EndTime "9:25:31 PDT"]
[Termination "Uživatel Nimrod64 zvítězil matem"]

1. e4 d5 2. exd5 Qxd5 3. d4 Nf6 4. Nc3 Qd6 5. Nf3 c6 6. g3 Bf5 7. Bf4 Qd8 8. Bg2 e6 9. O-O h6 10. Ne5 Be7 11. Re1 O-O 12. Qd2 Nbd7 13. Bxh6 gxh6 14. Qxh6 Nxe5 15. dxe5 Nh7 16. Ne4 Kh8 17. Nf6 Bxf6 18. exf6 Qxf6 19. Qd2 Rfd8 20. Qb4 Rd7 21. c3 Rad8 22.
g4 Bg6 23. f4 a5 24. Qa4 b5 25. Qxa5 Qxf4 26. Rf1 Qe3+ 27. Kh1 Rd2 28. Rae1 Qc5 29. Qc7 Qd6 30. Qxc6 Qxc6 31. Bxc6 Rxb2 32. a4 bxa4 33. Bxa4 Rdd2 34. Bc6 Rxh2+ 35. Kg1 Ng5 36. Rd1 Nh3# 0-1

[Event "Betsys MČR v online bleskovém šachu 2021"]
[Site "Chess.com"]
[Date "2021.04.17"]
[Round "3"]
[White "Emicka1330"]
[Black "jonasstach"]
[Result "0-1"]
[WhiteElo "1645"]
[BlackElo "2007"]
[TimeControl "180+1"]
[EndTime "9:25:31 PDT"]
[Termination "Uživatel jonasstach zvítězil po vzdání soupeře"]

1. e4 e6 2. d4 d5 3. exd5 exd5 4. Bd3 Nf6 5. Nf3 Bd6 6. O-O O-O 7. c3 Bg4 8. Nbd2 Nbd7 9. Qc2 c6 10. h3 Bh5 11.
Re1 Re8 12. Qd1 Qc7 13. b4 a5 14. bxa5 Qxa5 15. Bb2 Qb6 16. Qc2 Rxe1+ 17. Nxe1 c5 18.
Nef3 c4 19. Bf5 Bg6 20. Bxg6 hxg6 21. a4 Bf4 22. Re1 Qc6 23. Ne5 Qxa4 24. Qb1 Bxd2 25.
Re2 Bf4 26. g3 Bxe5 27. dxe5 Ne4 28. Qc1 Re8 29. Qf4 Qd1+ 30. Kh2 Qxe2 31. Bc1 Qxf2+ 32. Qxf2 Nxf2 0-1

[Event "Betsys MČR v online bleskovém šachu 2021"]
[Site "Chess.com"]
[Date "2021.04.17"]
[Round "3"]
[White "ZdenekRomanek"]
[Black "MametevArtem097"]
[Result "0-1"]
[WhiteElo "1604"]
[BlackElo "1982"]
[TimeControl "180+1"]
[EndTime "9:25:32 PDT"]
[Termination "Uživatel MametevArtem097 zvítězil po vzdání soupeře"]

1. d4 Nf6 2. c4 e6 3. Nc3 Bb4 4.
Nf3 O-O 5. e3 c5 6. a3 Bxc3+ 7.
bxc3 d5 8. Be2 Nc6 9. O-O b6 10.
Rb1 Bb7 11. dxc5 dxc4 12. cxb6 Qxd1 13. Rxd1 axb6 14. Rxb6 Rab8 15. Bxc4 Na5 16. Ba2 Bxf3 17. Rxb8 Bxd1 18. Rxf8+ Kxf8 19. c4 Bb3 20. Bxb3 Nxb3 21.
Bb2 Ke7 22. Bd4 Kd6 23. f3 Nxd4 24. exd4 e5 25. dxe5+ Kxe5 26. Kf2 Kd4 27. Kg3 Kxc4 28. Kf4 Kb3 29. g4 Kxa3 30. g5 Nh5+ 31. Kf5 Kb3 32.
Ke5 Kc3 33. Kd6 f6 34. h4 fxg5 35. hxg5 Kd4 36. Ke6 Ke3 37. Kf7 g6 38. Kg8 Kf4 39. Kxh7 Kxg5 40. Kg8 Kf4 41. Kf7 g5 42. Kg6 Ng3 0-1

[Event "Betsys MČR v online bleskovém šachu 2021"]
[Site "Chess.com"]
[Date "2021.04.17"]
[Round "3"]
[White "xnepom"]
[Black "FormerProdigy"]
[Result "0-1"]
[WhiteElo "2252"]
[BlackElo "2857"]
[TimeControl "180+1"]
[EndTime "9:25:35 PDT"]
[Termination "Uživatel FormerProdigy zvítězil po vzdání soupeře"]

1. e4 c5 2. c3 d5 3. exd5 Qxd5 4. d4 Nf6 5. Nf3 e6 6. Bd3 Nc6 7. O-O cxd4 8. cxd4 Be7 9. Nc3 Qd6 10. Nb5 Qd8 11.
Bf4 Nd5 12. Bg3 a6 13. Nc3 O-O 14. Qe2 Re8 15. Rad1 g6 16. Nxd5 exd5 17. h3 Bf6 18. Be5 Nxd4 19. Nxd4 Bxe5 20. Rfe1 Bh2+ 21. Kxh2 Rxe2 22.
Rxe2 Qd6+ 23. g3 Bd7 24. a3 Qf6 25. Bb1 h5 26. Red2 h4 27. Re1 Re8 28. Rxe8+ Bxe8 29. Bc2 Bd7 30. Bd1 hxg3+ 31. fxg3 Qf1 32. Bf3 Qxh3+ 33. Kg1 Qxg3+ 0-1

[Event "Betsys MČR v online bleskovém šachu 2021"]
[Site "Chess.com"]
[Date "2021.04.17"]
[Round "3"]
[White "Qb1xh8"]
[Black "pedroholly22"]
[Result "0-1"]
[WhiteElo "2130"]
[BlackElo "2398"]
[TimeControl "180+1"]
[EndTime "9:25:38 PDT"]
[Termination "Uživatel pedroholly22 zvítězil po vzdání soupeře"]

1. d4 Nf6 2. Nf3 e6 3. c4 c5 4. d5 exd5 5. cxd5 d6 6. Nc3 g6 7. a4 Bg7 8. Nd2 O-O 9. e4 b6 10. Be2 Ba6 11. O-O Re8 12. Bb5 Bxb5 13. axb5 Nbd7 14. f4 Nh5 15. Nc4 Bd4+ 16. Kh1 Qh4 17.
Qf3 Ndf6 18. Bd2 Ng4 19. h3 Ng3+ 0-1

[Event "Betsys MČR v online bleskovém šachu 2021"]
[Site "Chess.com"]
[Date "2021.04.17"]
[Round "3"]
[White "marosino"]
[Black "BetsysBetting"]
[Result "0-1"]
[WhiteElo "1587"]
[BlackElo "1998"]
[TimeControl "180+1"]
[EndTime "9:25:39 PDT"]
[Termination "Uživatel BetsysBetting zvítězil matem"]

1. b3 e5 2. Bb2 Nc6 3. g3 d5 4.
Bg2 h5 5. h4 Nf6 6. e3 Be6 7.
Nc3 Qd7 8. a4 Be7 9. d3 O-O-O 10.
Qd2 Bb4 11. Nge2 d4 12. exd4 exd4 13. O-O dxc3 14. Bxc3 Bxc3 15. Qxc3 Bd5 16. b4 Bxg2 17. Kxg2 Qd5+ 18. Kg1 Ne5 19. Nf4 Nf3+ 20. Kh1 Qf5 21. d4 Nxd4 22. Rad1 Ne6 23. Nxe6 Qh3+ 24. Kg1 fxe6 25.
Rd3 Ng4 26. Rxd8+ Rxd8 27. Qxg7 Qh2# 0-1